 Dungeon Crawl Stone Soup version 0.31-a0-1612-g4aaf141004 (webtiles) character file.

Game seed: 14780059736141761320

7316 Glamurio the Grappler (level 10, -5/77 HPs)
             Began as a Grey Draconian Shapeshifter on Jan 9, 2024.
             Was a Priest of Hepliaklqana.
             Slain by Borsukrates's ghost (16 damage)
             ... on level 9 of the Dungeon.
             The game lasted 00:48:18 (7610 turns).

Glamurio the Grappler (Grey Draconian Shapeshifter) Turns: 7610, Time: 00:48:19

Health: -5/77      AC: 14    Str: 25    XL:     10   Next: 90%
Magic:  10/10      EV: 24    Int: 11    God:    Hepliaklqana [***...]
Gold:   750        SH:  0    Dex: 14    Spells: 9/9 levels left

rFire   . .          .
                       - Unarmed
rCold   . . .        u - melded +0 kite shield
rNeg    . . .        (body armour unavailable)
rPois   .            (helmet restricted)
rElec   .            g - +0 cloak
rCorr   .            v - +0 pair of gloves
SInv    .            (no boots)
Will    .....        E - amulet of regeneration
Stlth   +            e - +6 ring of strength
HPRegen 1.12/turn    k - +5 ring of evasion
MPRegen 0.12/turn

%: no passive effects
@: flux-form, glowing, studying 2 skills
A: glow, contaminating, reduced essence, AC +12, amphibious, unfitting armour,
cold-blooded, agile 1, wild magic 1
a: Begin Untransformation, Renounce Religion, Recall Ancestor, Ancestor
Identity, Transference


You were on level 9 of the Dungeon.
You worshipped Hepliaklqana.
Hepliaklqana was most pleased with you.
You were something dangerously unstable.
You visited 2 branches of the dungeon, and saw 10 of its levels.

You collected 750 gold pieces.

Inventory:

Missiles
 r - a throwing net (quivered)
Armour
 g - a +0 cloak (worn)
 p - an orb of light
 u - a +0 kite shield (melded)
 v - a +0 pair of gloves (worn)
Jewellery
 e - a +6 ring of strength (left hand)
 k - a +5 ring of evasion (right hand)
 n - a +6 ring of intelligence
 z - a ring of flight
 E - an amulet of regeneration (around neck)
 G - a +4 ring of protection
Talismans
 b - a beast talisman
 c - a flux talisman (active)
 t - a serpent talisman
Wands
 m - a wand of mindburst (3)
 x - a wand of flame (3)
Scrolls
 o - a scroll of teleportation
 q - a scroll of butterflies {unknown}
 s - a scroll of vulnerability {unknown}
 y - 2 scrolls of revelation
 A - a scroll of amnesia {unknown}
 C - 2 scrolls of enchant armour
 D - a scroll of immolation {unknown}
 F - a scroll of poison
 I - a scroll of fog {unknown}
 K - a scroll of identify
Potions
 a - 3 potions of lignification
 d - 2 potions of haste {unknown}
 f - a potion of ambrosia {unknown}
 h - a potion of brilliance
 i - a potion of curing
 j - a potion of heal wounds {unknown}
 l - 3 potions of might
 w - a potion of invisibility {unknown}
 B - a potion of cancellation {unknown}
 H - a potion of mutation
 J - a potion of enlightenment {unknown}


   Skills:
 * Level 7.3 Fighting
 * Level 6.9 Dodging
 + Level 4.2 Stealth
 + Level 9.9 Unarmed Combat
 + Level 0.3 Evocations
 * Level 8.6 Shapeshifting


You had 9 spell levels left.
You didn't know any spells.
Your spell library contained the following spells:

 Spells                   Type           Power      Damage    Failure   Level
 Magic Dart               Conj           0%         1d3       43%         1
 Blink                    Tloc           0%         N/A       56%         2
 Call Imp                 Summ           0%         N/A       56%         2
 Lesser Beckoning         Tloc           0%         N/A       56%         2
 Sublimation of Blood     Necr           0%         N/A       56%         2
 Gell's Gravitas          Tloc           0%         N/A       78%         3
 Hailstorm                Conj/Ice       0%         3d5       78%         3
 Summon Ice Beast         Ice/Summ       0%         N/A       78%         3
 Teleport Other           Tloc           0%         N/A       78%         3
 Sculpt Simulacrum        Ice/Alch       0%         N/A       100%        6
 Summon Hydra             Summ           0%         N/A       100%        7


Dungeon Overview and Level Annotations

Branches:
Dungeon (9/15)             Temple (1/1) D:4            Lair (0/5) D:9
    Orc: D:9-12

Altars:
Ashenzari
Cheibriados
Elyvilon
Fedhas
Gozag
Hepliaklqana
Kikubaaqudgha
Makhleb
Nemelex Xobeh
Okawaru
Qazlal
Ru
Sif Muna
Trog
Uskayaw
Vehumet
Wu Jian
Xom
Yredelemnul
Zin

Shops:
D:5 *   D:6 [

Annotations:
D:9 1 transporter, Borsukrates's ghost, novice TeSh


Innate Abilities, Weirdness & Mutations

You are something dangerously unstable.
You glow with magical radiation, making you easy to see and hit.
Foes you strike become dangerously contaminated with magical radiation.
You are incapable of wielding weapons or throwing items.
Your life essence is reduced to manifest your ancestor. (-10% HP)
Your dull iron-grey scales are very hard. (AC +12)
You are amphibious.
You cannot fit into any form of body armour.
You are cold-blooded and may be slowed by cold attacks.
You are agile. (Dex +4, Str/Int -1)
Your spells are a little harder to cast, but a little more powerful.


Message History

Borsukrates's ghost is moderately damaged.
Citlalmina completely misses Borsukrates's ghost. x2
You completely miss Borsukrates's ghost.
Borsukrates's ghost is moderately damaged.
The orc warrior hits you from afar with a +0 trident.
* * * LOW HITPOINT WARNING * * *
Borsukrates's ghost completely misses you.
Citlalmina closely misses Borsukrates's ghost.
You completely miss Borsukrates's ghost.
Your tail-slap misses Borsukrates's ghost.
Borsukrates's ghost is moderately damaged.
Citlalmina hits Borsukrates's ghost with a +0 dagger of draining.
The orc warrior hits you but does no damage.
Borsukrates's ghost hits you.
* * * LOW HITPOINT WARNING * * *
You are electrocuted!
* * * LOW HITPOINT WARNING * * *
Citlalmina completely misses Borsukrates's ghost.
You feel better.
Citlalmina closely misses Borsukrates's ghost.
The orc warrior hits you but does no damage.
Borsukrates's ghost completely misses you.
Citlalmina misses Borsukrates's ghost.
Aiming: Mindburst
Press: ? - help, Q - select action, (/) - cycle Shift-Dir - straight line, f - Borsukrates's ghost
Aim: Borsukrates's ghost, wielding a weapon of electrocution (heavily damaged, ally target, chance to affect: 26%) Borsukrates's ghost's mind is blasted!
Citlalmina hits Borsukrates's ghost with a +0 dagger of draining.
The orc warrior hits you from afar with a +0 trident.
* * * LOW HITPOINT WARNING * * *
Borsukrates's ghost hits Citlalmina.
Citlalmina completely misses Borsukrates's ghost.
Aiming: Mindburst
Press: ? - help, Q - select action, (/) - cycle Shift-Dir - straight line, f/p - Borsukrates's ghost
Aim: Borsukrates's ghost, wielding a weapon of electrocution (severely damaged, not watching you, ally target, chance to affect: 26%) Borsukrates's ghost easily resists.
Citlalmina misses Borsukrates's ghost.
The orc warrior completely misses you.
Borsukrates's ghost hits you but does no damage.
You are electrocuted!
You die...

≈≈≈≈.......##.......##..##.###
###≈.......#8..#.#..8#.....# #
#≈.......#..#...#..#..#.##
###≈.......#........[#..#.#
≈≈≈≈......©#...†©..):#©...#
...........#........!#..###
≈≈≈≈.......#..#ooR#..#..#
###≈.#'##..#8..#W#..8#..# #
#≈.#.##..##...p..©##..#
###≈...##...#########...#
≈≈≈≈...##...............#
.......##..............##
≈≈≈≈.#.#.........#####.#
###≈.#..<#.......# #.# #
#≈.#..##.......# #.######
###≈.#..##..###### #......#
≈≈≈≈..........# ######.#


You could see the friendly Citlalmina the hexer, 2 orc warriors and
Borsukrates's ghost (ally target).

Vanquished Creatures
  A manticore (D:9)
  A hornet (D:9)
  3 red devils (D:8)
  Grinder (D:5)
  A wyvern (D:9)
  5 yaks
  2 basilisks (D:9)
  Edmund (D:5)
  An acid dragon (D:9)
  A water moccasin (D:7)
  An orc warrior (D:8)
  3 ice beasts
  3 sky beasts
  2 black bears (D:6)
  2 ogres
  5 centaurs
  3 kobold brigands
  A bullfrog (D:7)
  2 scorpions
  4 wights (D:6)
  4 howler monkeys
  3 electric eels (D:9)
  A bombardier beetle (D:5)
  2 hounds
  3 jellies
  2 orc priests
  An iguana (D:4)
  5 orc wizards
  A sleepcap (D:6)
  A statue (D:6)
  7 adders
  2 gnolls (D:7)
  2 shadow imps (D:5)
  4 ufetubi
  4 dart slugs
  15 orcs
  5 ball pythons
  12 endoplasms
  A giant cockroach (D:3)
  7 goblins
  5 hobgoblins
  4 jackals (D:1)
  22 kobolds
  2 quokkas
  8 bats
  6 frilled lizards
  9 rats
181 creatures vanquished.

Vanquished Creatures (collateral kills)
  A deep elf pyromancer (D:9)
  A hornet (D:9)
  Sigmund (D:5)
  2 basilisks (D:9)
  A steam dragon (D:7)
  A centaur (D:7)
  A bullfrog (D:9)
  A scorpion (D:7)
  A killer bee (D:9)
  An electric eel (D:9)
  A bombardier beetle (D:5)
  A hound (D:7)
  An orc wizard (D:9)
  A gnoll (D:7)
  A white imp (D:7)
  An ufetubus (D:7)
  4 orcs
  A kobold (D:8)
  A quokka (D:5)
23 creatures vanquished.

Vanquished Creatures (others)
  2 ancestors (D:6)
2 creatures vanquished.

Grand Total: 206 creatures vanquished

Notes
Turn   | Place    | Note
-------+----------+-------------------------------------------
     0 | D:1      | Glamurio the Draconian Shapeshifter began the quest for the
                  | Orb.
     0 | D:1      | Reached XP level 1. HP: 16/16 MP: 1/1
   218 | D:1      | Reached XP level 2. HP: 19/23 MP: 2/2
   625 | D:1      | Reached XP level 3. HP: 28/28 MP: 3/3
   811 | D:1      | Reached XP level 4. HP: 20/36 MP: 4/4
   927 | D:2      | Gained mutation: Your body sometimes deteriorates upon
                  | taking damage. [potion of mutation]
  1444 | D:3      | Found a faded altar of an unknown god.
  1653 | D:3      | Found a bloodstained altar of Trog.
  1658 | D:3      | Found a glowing silver altar of Zin.
  1660 | D:3      | Found a stormy altar of Qazlal.
  2115 | D:4      | Found a sacrificial altar of Ru.
  2167 | D:4      | Found a staircase to the Ecumenical Temple.
  2181 | D:4      | Reached skill level 4 in Unarmed Combat
  2181 | D:4      | Reached XP level 5. HP: 29/41 MP: 5/5
  2282 | Temple   | Entered the Ecumenical Temple
  2499 | Temple   | Became a worshipper of Hepliaklqana the Forgotten
  2955 | D:4      | Noticed an ogre
  2957 | D:4      | Killed an ogre
  2958 | D:4      | Reached XP level 6. HP: 35/50 MP: 6/6
  3036 | D:5      | Entered Level 5 of the Dungeon
  3113 | D:5      | Noticed Grinder
  3122 | D:5      | Killed Grinder
  3123 | D:5      | Reached skill level 5 in Unarmed Combat
  3165 | D:5      | Noticed a sky beast
  3174 | D:5      | Killed a sky beast
  3175 | D:5      | Reached skill level 1 in Stealth
  3175 | D:5      | Your scales start taking on a dull iron-grey colour.
  3175 | D:5      | Reached XP level 7. HP: 36/57 MP: 7/7
  3214 | D:5      | Noticed Edmund
  3234 | D:5      | Killed Edmund
  3259 | D:5      | Reached skill level 5 in Shapeshifting
  3393 | D:5      | Reached * piety under Hepliaklqana
  3660 | D:5      | Reached skill level 6 in Unarmed Combat
  3875 | D:5      | Found an iron altar of Okawaru.
  3913 | D:5      | Noticed Sigmund
  3916 | D:5      | Found Buux's General Store.
  3920 | D:5      | Killed Sigmund
  3921 | D:5      | Reached XP level 8. HP: 50/59 MP: 8/8
  4018 | D:5      | Found a sparkling altar of Nemelex Xobeh.
  4453 | D:6      | Reached skill level 7 in Unarmed Combat
  4463 | D:6      | Reached skill level 5 in Dodging
  4623 | D:6      | Found an ornate altar of the Wu Jian Council.
  4661 | D:6      | Found a radiant altar of Vehumet.
  4778 | D:6      | Reached ** piety under Hepliaklqana
  4779 | D:6      | Remembered your ancestor Citlalmina as a hexer
  4801 | D:6      | Found Itoejaiv's Armour Shop.
  4839 | D:6      | Reached XP level 9. HP: 55/65 MP: 9/9
  4872 | D:6      | Reached skill level 5 in Fighting
  5390 | D:7      | Reached skill level 8 in Unarmed Combat
  5650 | D:8      | Found a blossoming altar of Fedhas.
  5985 | D:8      | Reached *** piety under Hepliaklqana
  5988 | D:8      | Found a white marble altar of Elyvilon.
  6006 | D:8      | Noticed a red devil
  6007 | D:8      | Noticed a red devil
  6007 | D:8      | Noticed a red devil
  6024 | D:8      | Killed a red devil
  6025 | D:8      | Reached XP level 10. HP: 41/74 MP: 10/10
  6058 | D:8      | Reached skill level 9 in Unarmed Combat
  6143 | D:8      | Lost mutation: Your body sometimes deteriorates upon taking
                  | damage. [potion of mutation]
  6143 | D:8      | Gained mutation: You are agile. (Dex +4, Str/Int -1)
                  | [potion of mutation]
  6143 | D:8      | Gained mutation: Your spells are a little harder to cast,
                  | but a little more powerful. [potion of mutation]
  6629 | D:9      | Found a transporter.
  6634 | D:9      | Noticed Borsukrates's ghost (novice TeSh)
  6635 | D:9      | Found a transporter.
  6635 | D:9      | Noticed a deep elf pyromancer
  6833 | D:9      | Found a staircase to the Lair.
  7004 | D:9      | Noticed a manticore
  7019 | D:9      | Killed a manticore
  7586 | D:9      | Killed a deep elf pyromancer
  7610 | D:9      | Slain by Borsukrates's ghost

Illustrated notes

Levels and vault maps discovered:
D:1:      zaba_arrival_water, layout_rooms, minmay_heptomino_w4
D:2:      layout_rooms, minmay_guardbox
D:3:      layout_loops_cross, grunt_temple_overflow_open,
          hellmonk_ecumenical_altar_pennies_from_heaven
D:4:      layout_basic, overflow_temple_1_default,
          minmay_temple_entry_mini_moons
D:5:      layout_loops_corners, general_overflow_altar,
          nemelex_dance_club_becter, serial_shops, shop_coins,
          chequers_serial_rivers_micro_a, minmay_manual_mess, uniq_grinder,
          uniq_edmund, uniq_sigmund
D:6:      layout_rooms, vehumet_statue, pdpol_wu_jian_five_deadly_venoms,
          serial_shops, nicolae_lakefront_shop, st_stairs_9
D:7:      layout_rooms, serial_curves, eino_curves_02, eino_curves_03,
          eino_curves_02, minmay_manual_mares
D:8:      layout_basic, fedhas_altar_3, elyvilon_altar_1,
          einodemon_armed_red_devil_minivault
D:9:      layout_basic, erik_lair_dragon, gammafunk_ghost_arena, st_stairs_5,
          kennysheep_boxes
Temple:   chequers_temple_sunken

Skill      XL: |  1  2  3  4  5  6  7  8  9 10 |
---------------+-------------------------------+-----
Dodging        | 2 3 4 5 6 |  6.9
Fighting       | 2 3 4 6 7 |  7.3
Unarmed Combat | 4 5 6 7 8 9 |  9.9
Shapeshifting  | 4 5 6 7 8 |  8.6
Stealth        | 1 3 4 |  4.2
Evocations     | |  0.3

Action                     |  1- 3 |  4- 6 |  7- 9 | 10-12 || total
---------------------------+-------+-------+-------+-------++-------
  Melee: Unarmed           |    73 |   153 |   253 |   144 ||   623
         Tailslap          |    11 |    15 |    40 |    19 ||    85
 Invoke: Ancestor Life: He |       |       |     1 |       ||     1
         Ancestor Identity |       |       |     1 |       ||     1
Ability: Begin Untransform |       |     5 |     2 |       ||     7
  Evoke: Wand              |       |     2 |     1 |     2 ||     5
    Use: Scroll            |     2 |     6 |     2 |     1 ||    11
         Potion            |       |     2 |     1 |     3 ||     6
   Stab: Sleeping          |     1 |       |       |       ||     1
         Distracted        |       |       |     3 |     2 ||     5
         Confused          |       |       |     4 |     8 ||    12
 Armour: Skin              |    72 |    64 |    91 |   102 ||   329
  Dodge: Dodged            |    99 |   118 |   268 |   116 ||   601
  Block: Buckler           |       |     2 |       |       ||     2
         Kite shield       |       |     4 |       |     3 ||     7
   Form: Beast             |     1 |     3 |       |       ||     4
         Serpent           |       |     1 |     3 |       ||     4
         Flux              |       |     1 |     2 |       ||     3
                           |       |       |     1 |       ||     1

Table legend: (Time is in decaauts)
 A = Elapsed time spent in this place.
 B = Non-inter-level travel time spent in this place.
 C = Inter-level travel time spent in this place.
 D = Time resting spent in this place.
 E = Time spent auto-exploring this place.
 F = Levels seen in this place.
 G = Mean time per level.
                   A        B        C        D        E       F      G
               +--------+--------+--------+--------+--------+-----+--------+
         Total |   7579 |   7238 |    341 |    341 |   5143 |  10 |  757.9 |
       Dungeon |   7220 |   6969 |    251 |    123 |   5143 |   9 |  802.2 |
        Temple |    359 |    269 |     90 |    218 |      0 |   1 |  359.0 |
               +--------+--------+--------+--------+--------+-----+--------+

Top non-repeatable levels by time:
     D:5: 1213 daAuts
     D:9: 1020 daAuts
     D:8: 929 daAuts
     D:1: 897 daAuts
     D:6: 763 daAuts
     D:4: 690 daAuts
     D:7: 595 daAuts
     D:3: 580 daAuts
     D:2: 529 daAuts
  Temple: 359 daAuts
